 Dungeon Crawl Stone Soup version 0.30-a0-305-g026cb31310 (webtiles) character file.

Game seed: 11306253002575200670

73 glaedl the Conjurer (level 4, 0/28 HPs)
             Began as an Octopode Conjurer on Oct 24, 2022.
             Slain by a goblin
             ... wielding a +0 club
              (2 damage)
             ... on level 3 of the Dungeon.
             The game lasted 00:05:48 (2408 turns).

glaedl the Conjurer (Octopode Conjurer)             Turns: 2408, Time: 00:05:48

Health: 0/28       AC:  1    Str:  6    XL:     4   Next: 27%
Magic:  7/7        EV: 13    Int: 22    God:
Gold:   129        SH:  0    Dex: 10    Spells: 4/7 levels left

rFire   . . .      SeeInvis .    j - +0 short sword (venom)
rCold   . . .      Faith    .    (no shield)
rNeg    . . .      Spirit   .    (helmet restricted)
rPois   .          Reflect  .    (no amulet)
rElec   .          Harm     .    (no ring)
rCorr   .          Rampage  .    (no ring)
Will    .....                    (no ring)
Stlth   +++.......               (no ring)
HPRegen 0.24/turn                (no ring)
MPRegen 0.10/turn                (no ring)
                                 (no ring)
                                 (no ring)

@: no status effects
A: almost no armour, amphibious, 8 rings, camouflage 1, gelatinous body 1,
(nimble swimmer 1), tentacles
a: no special abilities


You were on level 3 of the Dungeon.
You visited 1 branch of the dungeon, and saw 3 of its levels.

You collected 129 gold pieces.

Inventory:

Hand Weapons
 j - a +0 short sword of venom (weapon)
Jewellery
 b - a ring of protection from fire
 g - a ring of flight
Scrolls
 e - 2 scrolls of immolation {unknown}
 i - a scroll of summoning {unknown}
 l - 2 scrolls of identify {unknown}
 m - a scroll of blinking {unknown}
Potions
 a - a potion of magic
 c - a potion of lignification {unknown}
 d - 2 potions of haste {unknown}
 f - a potion of attraction {unknown}
 h - a potion of brilliance {unknown}
 k - a potion of berserk rage {unknown}


   Skills:
 + Level 1.0 Fighting
 + Level 2.5 Dodging
 * Level 4.1 Stealth
 + Level 2.3 Spellcasting
 * Level 4.4 Conjurations


You had 4 spell levels left.
You knew the following spells:

 Your Spells              Type           Power      Damage    Failure   Level
a - Magic Dart            Conj           88%        1d7       2%          1
b - Searing Ray           Conj           44%        2d6       3%          2

Your spell library contained the following spells:

 Spells                   Type           Power      Damage    Failure   Level
 Dazzling Flash           Conj/Hex       24%        N/A       16%         3
 Hailstorm                Conj/Ice       12%        3d5       16%         3
 Sublimation of Blood     Necr           2%         N/A       21%         2
 Fulminant Prism          Conj/Hex       6%         3d7       47%         4
 Iskenderun's Mystic Bla  Conj/Tloc      12%        2d5       47%         4
 Ice Form                 Ice/Tmut       2%         N/A       78%         4
 Petrify                  Tmut/Erth      2%         N/A       78%         4
 Irradiate                Conj/Tmut      6%         3d13      83%         5
 Simulacrum               Ice/Necr       1%         N/A       100%        6


Dungeon Overview and Level Annotations

Branches:
Dungeon (3/15)

Altars:

Shops:
D:1 [


Innate Abilities, Weirdness & Mutations

You cannot wear most types of armour.
You are amphibious.
You can wear up to eight rings at the same time.
Your skin changes colour to match your surroundings (Stealth+).
Your rubbery body absorbs attacks. (AC +1, EV +1)
((You are camouflaged when in or above water. (Stealth+)))
You have tentacles for arms and can constrict up to eight enemies at once.


Message History

l - 2 scrolls labelled KOEJOI XATOMI (gained 1)
Found 8 stones.
You see here 8 stones.
You open the door.
An ogre and 8 goblins come into view.
A goblin is wielding a +2 dagger of venom.
The ogre shouts!
The goblin shouts! x3
The goblin unwields a +0 dagger.
The goblin wields a +2 sling of electrocution.
You hear the crackle of electricity.
The goblin shoots a sling bullet.
The sling bullet misses you.
The goblin shouts! x3
Found 11 large rocks.
You closely miss the goblin.
The goblin shouts!
Your grab misses the goblin. The goblin hits you with a +0 club.
You see here 8 stones.
The goblin shoots a sling bullet.
The sling bullet hits you.
You are electrocuted!
The goblin attacks as you move away! The goblin barely misses you.
The goblin attacks as you move away! The goblin hits you with a +0 club.
The goblin attacks as you move away! The goblin closely misses you.
The goblin attacks as you move away! The goblin hits you with a +0 club.
* * * LOW HITPOINT WARNING * * *
The goblin attacks as you move away! The goblin hits you with a +0 club.
* * * LOW HITPOINT WARNING * * *
The goblin attacks as you move away! The goblin hits you but does no damage.
The goblin attacks as you move away! The goblin hits you with a +0 club.
* * * LOW HITPOINT WARNING * * *
The goblin attacks as you move away! The goblin hits you with a +0 club.
* * * LOW HITPOINT WARNING * * *
The goblin attacks as you move away! The goblin completely misses you.
You are too injured to fight recklessly!
You closely miss the goblin. You grab the goblin. You constrict the goblin.
The goblin hits you with a +0 club.
* * * LOW HITPOINT WARNING * * *
You release your grip on the goblin.
The goblin attacks as you move away! The goblin hits you with a +0 club.
You die...

#.####.###.# #
#..........# #
#########.######
############# #
..............<#
#...gg......#
##########.#####
#g#########.# #
#.# #g# #.# #
#.# #.# #g# #
#.#######g#
#g####
#......@g.#
#...gg
#########.#
###### ###


You could see 2 goblins.

Vanquished Creatures
  3 adders (D:2)
  A worm (D:2)
  A dart slug (D:1)
  7 ball pythons
  3 bats
  3 giant cockroaches (D:1)
  2 hobgoblins (D:1)
  4 jackals (D:1)
  5 kobolds
  3 quokkas
  5 frilled lizards
  3 rats
40 creatures vanquished.

Vanquished Creatures (others)
  2 demonic plants (D:1)
2 creatures vanquished.

Grand Total: 42 creatures vanquished

Notes
Turn   | Place    | Note
-------+----------+-------------------------------------------
     0 | D:1      | glaedl the Octopode Conjurer began the quest for the Orb.
     0 | D:1      | Reached XP level 1. HP: 11/11 MP: 3/3
    82 | D:1      | Reached XP level 2. HP: 17/17 MP: 0/5
   365 | D:1      | Found a faded altar of an unknown god.
   487 | D:1      | Reached XP level 3. HP: 22/22 MP: 2/6
   541 | D:1      | Found Koest's Antique Armour Shop.
  1305 | D:2      | Learned a level 2 spell: Searing Ray
  1589 | D:2      | Reached XP level 4. HP: 27/27 MP: 5/7
  1793 | D:2      | Reached skill level 1 in Fighting
  2380 | D:3      | Noticed an ogre
  2408 | D:3      | Slain by a goblin

Illustrated notes

Levels and vault maps discovered:
D:1:      nzn_arrival_water_spiral, layout_basic, serial_shops,
          nicolae_shop_crystal, dreamdust_ecumenical_altar_sealed_demon
D:2:      layout_basic
D:3:      layout_basic, corner_web_ring, minmay_misc_feat_ornament,
          minmay_misc_feat_alley, minmay_ogre_servants, uniq_crazy_yiuf_cottage,
          uniq_terence, uniq_grinder

Skill      XL: |  1  2  3  4 |
---------------+-------------+-----
Stealth        | 3 4 |  4.1
Fighting       | 1 |  1.0
Dodging        | |  2.5
Spellcasting   | |  2.3
Conjurations   | |  4.4

Action                   |  1- 3 |  4- 6 || total
-------------------------+-------+-------++-------
Melee: Short sword       |     8 |     8 ||    16
       Constrict         |     2 |     2 ||     4
       Tentacles         |     1 |     2 ||     3
 Fire: Sling             |    31 |       ||    31
 Cast: Magic Dart        |    60 |     4 ||    64
 Stab: Sleeping          |     1 |       ||     1
Armor: Skin              |     1 |     1 ||     2
Dodge: Dodged            |    46 |     8 ||    54

Table legend: (Time is in decaauts)
 A = Elapsed time spent in this place.
 B = Non-inter-level travel time spent in this place.
 C = Inter-level travel time spent in this place.
 D = Time resting spent in this place.
 E = Time spent auto-exploring this place.
 F = Levels seen in this place.
 G = Mean time per level.
                   A        B        C        D        E       F      G
               +--------+--------+--------+--------+--------+-----+--------+
         Total |   2418 |   2345 |     73 |      0 |   2089 |   3 |  806.0 |
       Dungeon |   2418 |   2345 |     73 |      0 |   2089 |   3 |  806.0 |
               +--------+--------+--------+--------+--------+-----+--------+

Top non-repeatable levels by time:
     D:2: 1231 daAuts
     D:1: 1082 daAuts
     D:3: 104 daAuts
